 Dungeon Crawl Stone Soup version 0.16.0-11-gd45b091 (webtiles) character file.

103 DerLolli the Sneak (level 5, -10/32 HPs)
             Began as a Kobold Assassin on Mar 17, 2015.
             Mangled by an ogre
             ... wielding a +0 giant club
              (21 damage)
             ... on level 3 of the Dungeon.
             The game lasted 00:08:21 (2303 turns).

DerLolli the Sneak (Kobold Assassin)                Turns: 2303, Time: 00:08:21

Health: -10/32     AC: 10    Str: 10    XL:     5   Next: 6%
Magic:  5/5        EV:  4    Int: 14    God:
Gold:   86         SH:  7    Dex: 18    Spells: 0 memorised, 4 levels left

rFire  . . .     SeeInvis .     s - +0 falchion
rCold  . . .     Clarity  .     t - +1 chain mail {rPois}
rNeg   . . .     SustAb   .     m - +0 shield
rPois  +         Gourm    .     (no helmet)
rElec  .         Spirit   .     d - +0 cloak
rCorr  .         Warding  .     (no gloves)
rMut   .         Stasis   .     (no boots)
MR     .....                    (no amulet)
Stlth  +.........               (no ring)
                                r - +5 ring of intelligence

@: not resistant to hostile enchantments, very unstealthy
A: carnivore 3
a: no special abilities


You were on level 3 of the Dungeon.
You were not hungry.

You visited 1 branch of the dungeon, and saw 3 of its levels.

You collected 86 gold pieces.

Inventory:

Hand weapons
 a - a +2 dagger
 b - a +0 blowgun
 s - a +0 falchion (weapon)
Missiles
 e - 8 poisoned needles
 f - 2 curare-tipped needles
Armour
 d - a +0 cloak (worn)
 g - a +0 ring mail
 m - a +0 shield (worn)
 t - a +1 chain mail of poison resistance (worn)
Jewellery
 r - a +5 ring of intelligence (left hand)
Scrolls
 c - a scroll of magic mapping {unknown}
 h - 3 scrolls of remove curse {unknown}
 k - a scroll of noise {unknown}
 q - 2 scrolls of immolation
 v - a scroll of identify {unknown}
 y - a scroll of blinking {unknown}
 C - a scroll of enchant weapon {unknown}
Potions
 j - 2 potions of brilliance {unknown}
 o - a potion of ambrosia {unknown}
 p - a potion of invisibility {unknown}
 w - a potion of flight {unknown}
 x - a potion of heal wounds {unknown}
 A - a potion of agility {unknown}
 B - a potion of mutation {unknown}
Comestibles
 i - a bread ration
 l - a royal jelly
 n - a beef jerky
 u - a slice of pizza
 z - a meat ration


   Skills:
 + Level 2.8 Fighting
 + Level 3.1 Short Blades
 + Level 2.9 Throwing
 + Level 2.3 Dodging
 + Level 7.0 Stealth
 + Level 0.4 Shields


You had 4 spell levels left.
You didn't know any spells.

Dungeon Overview and Level Annotations

Branches:
Dungeon (3/15)

Altars:
Yredelemnul


Innate Abilities, Weirdness & Mutations

You are small and have problems with some larger weapons.
You are carnivorous and can eat meat at any time.


Message History

You hit the goblin.
You kill the goblin!
You hit the ogre.
The ogre is lightly wounded.
You block the ogre's attack.
You hit the ogre!
The ogre is heavily wounded.
The ogre barely misses you.
Your chain mail prevents you from hitting the ogre.
The ogre is heavily wounded.
The ogre hits you with a giant club.
You hit the ogre but do no damage.
The ogre is heavily wounded.
The ogre hits you with a giant club!
Ouch! That really hurt!
You hit the ogre!
The ogre is severely wounded.
The ogre hits you with a giant club!!
Ouch! That really hurt!
You die... ## ### <# #.####### .# #.......##### .# #.#######...# .# #.# #%g.# .# #.# ggg

.# #.# #O# .# #.# #@# .#
#.# #.# .######.##### #.#
...........># #.#
.#.####.##### #.#
.#........# #.#
.#......#.######.########
##'######.#........†....#
.....# #.#.#####.####.##


You could see an ogre and 4 goblins.

Vanquished Creatures
  Terence (D:3)
  4 adders
  A worm (D:3)
  A giant gecko (D:3)
  4 giant cockroaches
  8 goblins
  7 hobgoblins
  4 jackals (D:2)
  A ball python (D:2)
  6 bats
  A giant newt (D:2)
  2 gnoll zombies (D:2)
  4 kobolds
  8 rats
52 creatures vanquished.

Notes
Turn   | Place    | Note
--------------------------------------------------------------
     0 | D:1      | DerLolli, the Kobold Assassin, began the quest for the Orb.
     0 | D:1      | Reached XP level 1. HP: 12/12 MP: 1/1
   223 | D:1      | Reached XP level 2. HP: 17/17 MP: 2/2
   456 | D:1      | Reached skill level 6 in Stealth
   862 | D:2      | Reached XP level 3. HP: 21/21 MP: 3/3
  1201 | D:2      | Reached XP level 4. HP: 25/27 MP: 4/4
  1318 | D:2      | Found a basalt altar of Yredelemnul.
  1696 | D:3      | Noticed Terence
  1722 | D:3      | Killed Terence
  2265 | D:3      | Reached XP level 5. HP: 26/32 MP: 5/5
  2274 | D:3      | Noticed an ogre
  2280 | D:3      | Reached skill level 7 in Stealth
  2303 | D:3      | Mangled by an ogre

Action                   |  1- 3 |  4- 6 || total
-------------------------+-------+-------++-------
Melee: Dagger            |    68 |    43 ||   111
       Falchion          |       |    46 ||    46
  Use: Scroll            |       |     1 ||     1
 Stab: Sleeping          |     7 |     5 ||    12
  Eat: Meat ration       |       |     1 ||     1
